 Dungeon Sprint DCSS version 0.17-a0-1719-g1afd5a1 (webtiles) character file.

112201 Kidiri the Imperceptible (level 15, -7/63 HPs)
             Began as a Spriggan Enchanter on Aug 27, 2015.
             Was the Champion of Dithmenos.
             Mangled by a deep elf blademaster (32 damage)
             ... in the Dungeon (Sprint III: "The Ten Rune Challenge") on Aug 28, 2015.
             The game lasted 00:49:07 (10066 turns).

Kidiri the Imperceptible (Spriggan Enchanter)      Turns: 10066, Time: 00:49:07

Health: -7/63      AC:  6    Str:  4    XL:     15   Next: 77%
Magic:  32/40      EV: 39    Int: 25    God:    Dithmenos [******]
Gold:   1979       SH:  0    Dex: 20    Spells: 14 memorised, 0 levels left

rFire  . . .     SeeInvis +     p - +4 dagger "Morg" {pain, MR+ Int+5}
rCold  . . .     Clarity  .     T - +2 robe {rPois}
rNeg   . . .     SustAt   .     (shield restricted)
rPois  +         Gourm    .     t - +2 hat
rElec  .         Spirit   .     (no cloak)
rCorr  .         Warding  .     (gloves unavailable)
rMut   .         NoTele   +     (boots unavailable)
MR     +++..                    (no amulet)
Stlth  ++++++++++               (no ring)
                                (no ring)

@: very slightly contaminated, wreathed by umbra, very quick, extremely
resistant to hostile enchantments, uncannily stealthy
A: unfitting armour, see invisible, herbivore 3, speed 3, slow metabolism 2
a: Shadow Step, Shadow Form, Renounce Religion
}: 1/10 runes: serpentine


You were in the Dungeon.
You worshipped Dithmenos.
Dithmenos was exalted by your worship.
You were full.

You visited 1 branch You collected 4143 gold pieces.
You spent 2164 gold pieces at shops.

Inventory:

Hand weapons
 p - the +4 dagger "Morg" (weapon) {pain, MR+ Int+5}
   (You found it in the Dungeon)

   In the hands of one skilled in necromantic magic, it inflicts extra damage on
   living creatures.
   It affects your intelligence (+5).
   It affects your resistance to hostile enchantments.
Missiles
 e - 13 throwing nets (quivered)
Armour
 t - a +2 hat (worn)
 R - a +2 robe of cold resistance
 T - a +2 robe of poison resistance (worn)
Jewellery
 v - the ring of Kikubaaqudgha's Hatred {rC++ Str-4 Int-5 Dex+4 SInv}
   (You found it in the Dungeon)

   [ring of see invisible]

   It affects your strength (-4).
   It affects your intelligence (-5).
   It affects your dexterity (+4).
   It greatly protects you from cold.
   It lets you see invisible.
Magical devices
 a - a wand of teleportation (4)
 u - a wand of digging (9)
Scrolls
 l - a scroll of torment
 n - 2 scrolls of remove curse
 q - a scroll of holy word
 V - a scroll of silence {unknown}
Potions
 f - a potion of heal wounds
 g - 3 potions of haste
 h - a potion of magic
 i - 3 potions of might
 r - a potion of curing
 s - a potion of resistance
Books
 w - a book of Battle

   Spells                             Type                      Level
   a - Infusion                       Charms                       1
   b - Shroud of Golubria             Charms/Translocation         2
   c - Song of Slaying                Charms                       2
   d - Spectral Weapon                Hexes/Charms                 3
   e - Regeneration                   Charms/Necromancy            3
 B - a book of Party Tricks

   Spells                             Type                      Level
   a - Summon Butterflies             Summoning                    1
   b - Apportation                    Translocation                1
   c - Tukima's Dance                 Hexes                        3
   d - Alistair's Intoxication        Transmutation/Poison         4
   e - Invisibility                   Hexes                        6
Comestibles
 m - 11 fruits
 o - 23 royal jellies
 D - a slice of pizza


   Skills:
 + Level 14.1 Short Blades
 * Level 23.5 Dodging
 * Level 25.0 Stealth
 * Level 20.7 Spellcasting
 + Level 10.1 Conjurations
 + Level 15.6 Hexes
 + Level 7.6 Charms
 + Level 5.8 Summonings
 + Level 2.9 Necromancy
 + Level 9.7 Translocations
 + Level 11.1 Ice Magic
 + Level 6.8 Air Magic
 + Level 7.7 Poison Magic
 - Level 10.1 Invocations


You couldn't memorise any spells.
You knew the following spells:

 Your Spells              Type           Power        Failure   Level  Hunger
a - Corona                Hex            #######      0%          1    None
b - Ensorcelled Hibernat  Hex/Ice        ######       0%          2    None
c - Confuse               Hex            #######.     0%          3    None
d - Tukima's Dance        Hex            #######.     0%          3    None
e - Dazzling Spray        Conj/Hex       ######..     1%          3    None
f - Mephitic Cloud        Conj/Pois/Air  ######..     1%          3    None
g - Freezing Cloud        Conj/Ice/Air   ######....   6%          6    ##.....
h - Poisonous Cloud       Conj/Pois/Air  ######....   12%         6    ##.....
i - Controlled Blink      Tloc           N/A          30%         7    ####...
j - Malign Gateway        Summ/Tloc      ######....   58%         7    ####...
k - Disjunction           Tloc           ######....   99%         8    ######.
l - Shroud of Golubria    Chrm/Tloc      ######....   1%          2    None
m - Regeneration          Chrm/Necr      ######....   1%          3    None
n - Apportation           Tloc           ######....   1%          1    None


Dungeon Overview and Level Annotations

Branches:
Dungeon (1/1)

Altars:
Cheibriados
Dithmenos
Elyvilon
Fedhas
Gozag
Kikubaaqudgha
Makhleb
Nemelex Xobeh
Okawaru
Qazlal
Ru
Sif Muna
Trog
Vehumet
Xom
Yredelemnul
Zin
The Shining One
Jiyva
Lugonu

Shops:
D =%[:(}:%*=([}[!?


Innate Abilities, Weirdness & Mutations

You are tiny and cannot use many weapons and most armour.
You have supernaturally acute eyesight.
You are a herbivore.
You cover ground extremely quickly.
You need consume almost no food.


Message History

You don't have enough magic to cast that spell.
A deep elf blademaster is nearby!
Why would you want to do that?
Unknown command.
Unknown command.
Drink which item? (? for menu, Esc to quit)
Magic courses through your body. The deep elf blademaster misses you.
The deep elf blademaster hits you!!
You emit a cloud of dark smoke.
The deep elf blademaster hits you.
* * * LOW HITPOINT WARNING * * *
The deep elf blademaster hits you!
* * * LOW HITPOINT WARNING * * *
The deep elf blademaster closely misses you.
The deep elf blademaster completely misses you.
Drink which item? (? for menu, Esc to quit)
You feel much better.
The deep elf blademaster completely misses you. x2
The deep elf blademaster hits you!!
Ouch! That really hurt!
You die...

#######################
#####..'.#...##[..§'...§:?#
.)....##.#...##≈§≈§##§.##/#
[[.....#.#...≈§§@e§§§§..#[#
[[...###.#...##§§§§##..##:#
∩###..)#.'...##§§..'....}"#
.:###.#####################
#########################
.#.#)#.....#......+)..≈≈#
))#.##.###.#......#...≈≈#########
#)#.##.#).##......#...≈≈≈≈##.....
#..#..##.)+.......#...≈≈≈≈##.####


You could see a deep elf blademaster (berserk).

Vanquished Creatures
  Norris (D)
  2 liches (D)
  Rupert (D)
  Gastronok (D)
  Chuck (D)
  2 sphinxes (D)
  2 shadow dragons (D)
  A greater naga (D)
  Dowan (D)
  Maud (D)
  2 deep elf demonologists (D)
  2 dire elephants (D)
  3 mummy priests (D)
  A fire dragon (D)
  2 deep elf high priests (D)
  3 yaktaur captains (D)
  Erolcha (D)
  2 hydras (D)
  An ice dragon (shapeshifter) (D)
  A centaur warrior (D)
  2 anacondas (D)
  4 dancing weapons (D)
  4 death yaks (D)
  An ogre mage (D)
  4 hell knights (D)
  A deep elf knight (D)
  A shock serpent (shapeshifter) (D)
  An iron golem (D)
  A skeletal warrior (D)
  2 death drakes (D)
  A spriggan druid (D)
  A deep troll (shapeshifter) (D)
  A deep elf summoner (D)
  An obsidian statue (D)
  A lindwurm (D)
  3 deep elf conjurers (D)
  5 ugly things (D)
  A water nymph (shapeshifter) (D)
  6 black mambas (D)
  A guardian serpent (D)
  2 elephants (D)
  An orange crystal statue (D)
  2 spiny frogs (D)
  A komodo dragon (D)
  A fire drake (D)
  A queen bee (D)
  11 guardian mummies (D)
  3 wandering mushrooms (D)
  4 spriggan defenders (D)
  3 deep elf priests (D)
  2 slime creatures (D)
  2 orc high priests (D)
  2 trapdoor spiders (D)
  3 redbacks (D)
  2 spriggans (D)
  8 blink frogs (D)
  A shadow (D)
  A hill giant (D)
  A spatial vortex (D)
  2 nagas (D)
  4 water moccasins (D)
  A swamp drake (D)
  A necrophage (D)
  A two-headed ogre (D)
  2 brain worms (D)
  A water elemental (D)
  A scorpion (D)
  An electric eel (D)
  32 killer bees (D)
  A wizard (D)
  8 orc priests (D)
  A jelly (D)
  Jessica (D)
  2 orc wizards (D)
  2 necromancers (D)
  A kobold demonologist (D)
  3 humans (D)
  3 adders (D)
  An ooze (D)
  7 orcs (D)
  A hobgoblin (D)
  2 rats (D)
  8 bushes (D)
  14 plants (D)
225 creatures vanquished.

Vanquished Creatures (collateral kills)
  A naga warrior (D)
  Duvessa (D)
  A redback (D)
  A hill giant (D)
  2 two-headed ogres (D)
  An orc wizard (D)
7 creatures vanquished.

Vanquished Creatures (others)
  2 draconian scorchers (D)
  A dancing weapon (D)
  A hydra (D)
  2 yaktaurs (D)
  An orc (D)
  5 plants (D)
12 creatures vanquished.

Grand Total: 244 creatures vanquished

Notes
Turn   | Place    | Note
--------------------------------------------------------------
     0 | D        | Kidiri the Spriggan Enchanter began the quest for the Orb.
     0 | D        | Reached XP level 1. HP: 9/9 MP: 5/5
    12 | D        | Reached skill level 5 in Stealth
    79 | D        | Noticed Jessica
    84 | D        | Killed Jessica
    84 | D        | Reached skill level 5 in Dodging
    84 | D        | Reached skill level 6 in Stealth
    84 | D        | Reached XP level 2. HP: 13/13 MP: 6/8
    84 | D        | Reached XP level 3. HP: 16/16 MP: 6/9
    88 | D        | Learned a level 2 spell: Ensorcelled Hibernation
    92 | D        | Learned a level 3 spell: Confuse
    96 | D        | Learned a level 3 spell: Tukima's Dance
   104 | D        | Killed a yaktaur
   135 | D        | Reached skill level 7 in Stealth
   186 | D        | Noticed a scorpion
   192 | D        | Killed a white draconian scorcher
   193 | D        | Killed a scorpion
   193 | D        | Reached skill level 5 in Spellcasting
   193 | D        | Reached skill level 5 in Hexes
   193 | D        | Reached skill level 1 in Ice Magic
   193 | D        | Reached XP level 4. HP: 21/21 MP: 8/12
   197 | D        | Killed a white draconian scorcher
   200 | D        | Learned a level 3 spell: Dazzling Spray
   215 | D        | Gained mutation: You have a pair of small horns on your head. [potion of mutation]
   215 | D        | Lost mutation: You have a pair of small horns on your head. [potion of mutation]
   215 | D        | Gained mutation: You are dopey. (Int -2) [potion of mutation]
   216 | D        | Gained mutation: You expend magic power (3 MP) to strengthen your wands. [potion of mutation]
   216 | D        | Gained mutation: You are partially covered in molten scales (AC +1). [potion of mutation]
   217 | D        | Lost mutation: You expend magic power (3 MP) to strengthen your wands. [potion of mutation]
   217 | D        | Gained mutation: You are covered in fur (AC +1). [potion of mutation]
   217 | D        | Gained mutation: You are frail (-10% HP). [potion of mutation]
   218 | D        | Lost mutation: You are frail (-10% HP). [potion of cure mutation]
   218 | D        | Lost mutation: You are dopey. (Int -2) [potion of cure mutation]
   218 | D        | Lost mutation: You are covered in fur (AC +1). [potion of cure mutation]
   269 | D        | Noticed a water elemental
   290 | D        | Killed a water elemental
   290 | D        | Reached skill level 8 in Stealth
   290 | D        | Reached XP level 5. HP: 24/24 MP: 1/14
   395 | D        | Noticed a jelly
   396 | D        | Noticed a shadow
   476 | D        | Killed a shadow
   476 | D        | Reached skill level 9 in Dodging
   476 | D        | Reached skill level 10 in Stealth
   476 | D        | Reached skill level 1 in Conjurations
   476 | D        | Reached XP level 6. HP: 8/28 MP: 0/17
   723 | D        | Killed a jelly
   729 | D        | Found a stormy altar of Qazlal.
   730 | D        | Found a sacrificial altar of Ru.
   730 | D        | Found a burning altar of Makhleb.
   730 | D        | Found a viscous altar of Jiyva.
   730 | D        | Found a shimmering altar of Xom.
   730 | D        | Found a shadowy altar of Dithmenos.
   730 | D        | Found a sparkling altar of Nemelex Xobeh.
   730 | D        | Found a corrupted altar of Lugonu.
   730 | D        | Found an opulent altar of Gozag.
   730 | D        | Noticed a spatial vortex
   734 | D        | Became a worshipper of Dithmenos the Shadowed
   759 | D        | Killed a spatial vortex
   759 | D        | Reached skill level 5 in Short Blades
   759 | D        | Reached skill level 11 in Stealth
   759 | D        | Reached skill level 1 in Invocations
   870 | D        | Found a radiant altar of Vehumet.
   871 | D        | Found a deep blue altar of Sif Muna.
   871 | D        | Found an ancient bone altar of Kikubaaqudgha.
   871 | D        | Noticed a wizard
   872 | D        | Killed a wizard
   874 | D        | Reached skill level 10 in Dodging
   898 | D        | Found a glowing silver altar of Zin.
   899 | D        | Found a glowing golden altar of the Shining One.
   899 | D        | Found a white marble altar of Elyvilon.
   899 | D        | Noticed a deep elf priest
   901 | D        | Killed a deep elf priest
   901 | D        | Reached XP level 7. HP: 32/32 MP: 18/20
   916 | D        | Found an iron altar of Okawaru.
   917 | D        | Found a bloodstained altar of Trog.
   917 | D        | Noticed a human
   917 | D        | Noticed a human
   921 | D        | Killed a human
   921 | D        | Reached skill level 12 in Stealth
   932 | D        | Killed a human
   984 | D        | Found a snail-covered altar of Cheibriados.
   984 | D        | Noticed a necrophage
   985 | D        | Found a basalt altar of Yredelemnul.
   985 | D        | Found a blossoming altar of Fedhas.
   985 | D        | Noticed a necromancer
   986 | D        | Killed a necrophage
   986 | D        | Acquired Dithmenos's first power
   986 | D        | Reached XP level 8. HP: 36/36 MP: 22/22
   987 | D        | Killed a necromancer
  1014 | D        | Noticed a two-headed ogre
  1014 | D        | Noticed a two-headed ogre
  1022 | D        | Killed a two-headed ogre
  1025 | D        | Killed a two-headed ogre
  1025 | D        | Reached skill level 10 in Spellcasting
  1027 | D        | Noticed a two-headed ogre
  1027 | D        | Noticed a hill giant
  1032 | D        | Killed a hill giant
  1032 | D        | Acquired Dithmenos's second power
  1037 | D        | Killed a two-headed ogre
  1037 | D        | Reached skill level 13 in Stealth
  1164 | D        | Noticed a hill giant
  1164 | D        | Noticed Erolcha
  1166 | D        | Killed Erolcha
  1166 | D        | Reached skill level 14 in Stealth
  1166 | D        | Reached XP level 9. HP: 39/39 MP: 22/25
  1167 | D        | Killed a hill giant
  1167 | D        | Reached skill level 5 in Ice Magic
  1194 | D        | Noticed a redback
  1197 | D        | Noticed a trapdoor spider
  1221 | D        | Killed a redback
  1221 | D        | Acquired Dithmenos's third power
  1488 | D        | Noticed a trapdoor spider
  1489 | D        | Killed a trapdoor spider
  1705 | D        | Killed a trapdoor spider
  1904 | D        | Noticed a killer bee
  1904 | D        | Noticed a killer bee
  1904 | D        | Noticed a killer bee
  1904 | D        | Noticed a killer bee
  1904 | D        | Noticed a killer bee
  1904 | D        | Noticed a killer bee
  1904 | D        | Noticed a killer bee
  1904 | D        | Noticed a killer bee
  1904 | D        | Noticed a killer bee
  1904 | D        | Noticed a killer bee
  1904 | D        | Noticed a killer bee
  1904 | D        | Noticed a killer bee
  1904 | D        | Noticed a killer bee
  1904 | D        | Noticed a killer bee
  1904 | D        | Noticed a killer bee
  1905 | D        | Noticed a killer bee
  1905 | D        | Noticed a killer bee
  1905 | D        | Noticed a killer bee
  1905 | D        | Noticed a killer bee
  1905 | D        | Noticed a killer bee
  1905 | D        | Noticed a killer bee
  1905 | D        | Noticed a killer bee
  1905 | D        | Noticed a killer bee
  1905 | D        | Noticed a killer bee
  1905 | D        | Noticed a killer bee
  1905 | D        | Noticed a killer bee
  1905 | D        | Noticed a killer bee
  1905 | D        | Noticed a killer bee
  1905 | D        | Noticed a killer bee
  1905 | D        | Noticed a killer bee
  1905 | D        | Noticed a queen bee
  1905 | D        | Noticed a killer bee
  1905 | D        | Noticed a killer bee
  1906 | D        | Killed a killer bee
  1906 | D        | Reached skill level 5 in Invocations
  1908 | D        | Killed a killer bee
  1912 | D        | Killed a killer bee
  1912 | D        | Acquired Dithmenos's fourth power
  1914 | D        | Killed a killer bee
  1916 | D        | Killed a killer bee
  1918 | D        | Killed a killer bee
  1920 | D        | Killed a killer bee
  1922 | D        | Killed a killer bee
  1924 | D        | Killed a killer bee
  1926 | D        | Killed a killer bee
  1926 | D        | Reached skill level 15 in Stealth
  1928 | D        | Killed a killer bee
  1930 | D        | Killed a killer bee
  1932 | D        | Killed a killer bee
  1934 | D        | Killed a killer bee
  1936 | D        | Killed a killer bee
  2074 | D        | Killed a killer bee
  2077 | D        | Killed a killer bee
  2080 | D        | Killed a killer bee
  2082 | D        | Killed a killer bee
  2084 | D        | Killed a killer bee
  2086 | D        | Killed a killer bee
  2090 | D        | Killed a killer bee
  2092 | D        | Killed a killer bee
  2236 | D        | Killed a killer bee
  2237 | D        | Killed a killer bee
  2239 | D        | Killed a killer bee
  2241 | D        | Killed a killer bee
  2243 | D        | Killed a killer bee
  2245 | D        | Killed a killer bee
  2247 | D        | Killed a killer bee
  2249 | D        | Killed a killer bee
  2252 | D        | Killed a queen bee
  2252 | D        | Reached XP level 10. HP: 44/44 MP: 6/27
  2254 | D        | Killed a killer bee
  2386 | D        | Noticed a wandering mushroom
  2394 | D        | Killed a wandering mushroom
  2394 | D        | Reached skill level 5 in Conjurations
  2480 | D        | Noticed a wandering mushroom
  2481 | D        | Noticed a wandering mushroom
  2482 | D        | Killed a wandering mushroom
  2482 | D        | Reached skill level 10 in Hexes
  2485 | D        | Killed a wandering mushroom
  2485 | D        | Reached skill level 16 in Stealth
  2553 | D        | Noticed a spiny frog
  2553 | D        | Noticed a komodo dragon
  2553 | D        | Noticed a spiny frog
  2555 | D        | Killed a spiny frog
  2558 | D        | Killed a spiny frog
  2558 | D        | Reached skill level 15 in Dodging
  2560 | D        | Killed a komodo dragon
  2670 | D        | Noticed a redback
  2672 | D        | Killed a redback
  2673 | D        | Noticed a brain worm
  2677 | D        | Killed a brain worm
  2680 | D        | Noticed a brain worm
  2682 | D        | Killed a brain worm
  2687 | D        | Noticed a lindwurm
  2689 | D        | Noticed a redback
  2690 | D        | Killed a lindwurm
  2692 | D        | Killed a redback
  2697 | D        | Noticed a redback
  2698 | D        | Killed a redback
  2699 | D        | Noticed Maud
  2701 | D        | Killed Maud
  2701 | D        | Reached skill level 17 in Stealth
  2701 | D        | Reached XP level 11. HP: 47/47 MP: 29/29
  2776 | D        | Noticed an electric eel
  2777 | D        | Noticed a five-headed hydra
  2777 | D        | Noticed a six-headed hydra
  2778 | D        | Killed an electric eel
  2780 | D        | Killed a five-headed hydra
  2781 | D        | Killed a six-headed hydra
  2825 | D        | Noticed a death drake
  2828 | D        | Killed a death drake
  2837 | D        | Found a blossoming altar of Fedhas.
  2837 | D        | Noticed a spriggan
  2837 | D        | Noticed a spriggan druid
  2837 | D        | Noticed a spriggan
  2839 | D        | Killed a spriggan druid
  2839 | D        | Reached skill level 18 in Stealth
  2840 | D        | Killed a spriggan
  2841 | D        | Killed a spriggan
  2867 | D        | Noticed a death drake
  2870 | D        | Noticed a swamp dragon skeleton
  2871 | D        | Noticed a death drake
  2871 | D        | Killed a death drake
  2871 | D        | Reached skill level 10 in Short Blades
  2872 | D        | Noticed a swamp dragon skeleton
  2873 | D        | Noticed a swamp dragon skeleton
  2913 | D        | Noticed a swamp drake
  2913 | D        | Noticed a fire drake
  2914 | D        | Killed a fire drake
  2916 | D        | Killed a swamp drake
  2927 | D        | Noticed a blink frog
  2928 | D        | Noticed a blink frog
  2928 | D        | Noticed a blink frog
  2929 | D        | Killed a blink frog
  2930 | D        | Noticed a blink frog
  2930 | D        | Noticed a blink frog
  2931 | D        | Killed a blink frog
  2933 | D        | Killed a blink frog
  2933 | D        | Reached skill level 15 in Spellcasting
  2936 | D        | Killed a blink frog
  2937 | D        | Killed a blink frog
  2956 | D        | Noticed Rupert
  2958 | D        | Killed Rupert
  2958 | D        | Reached skill level 19 in Stealth
  2980 | D        | Noticed a death yak
  2981 | D        | Noticed a death yak
  2981 | D        | Noticed a blink frog
  2982 | D        | Noticed an azure jelly
  2982 | D        | Noticed a death yak
  2982 | D        | Noticed an azure jelly
  2982 | D        | Noticed a blink frog
  2982 | D        | Noticed a death yak
  2983 | D        | Killed a death yak
  2984 | D        | Killed a death yak
  2984 | D        | Reached XP level 12. HP: 51/51 MP: 27/32
  2985 | D        | Killed a blink frog
  2986 | D        | Noticed a blink frog
  2986 | D        | Noticed a black mamba
  2987 | D        | Killed a death yak
  2988 | D        | Noticed a black mamba
  3007 | D        | Killed a blink frog
  3008 | D        | Killed a death yak
  3012 | D        | Killed a black mamba
  3014 | D        | Killed a blink frog
  3040 | D        | Killed a black mamba
  3216 | D        | Noticed a black mamba
  3218 | D        | Killed a black mamba
  3237 | D        | Noticed an anaconda
  3237 | D        | Noticed a black mamba
  3237 | D        | Noticed a water moccasin
  3237 | D        | Noticed a water moccasin
  3238 | D        | Killed a water moccasin
  3238 | D        | Reached skill level 20 in Stealth
  3239 | D        | Noticed a water moccasin
  3240 | D        | Killed a black mamba
  3241 | D        | Killed a water moccasin
  3243 | D        | Killed an anaconda
  3248 | D        | Killed a water moccasin
  3268 | D        | Noticed a black mamba
  3268 | D        | Noticed an anaconda
  3268 | D        | Noticed a black mamba
  3268 | D        | Noticed a water moccasin
  3270 | D        | Killed an anaconda
  3271 | D        | Killed a black mamba
  3272 | D        | Killed a black mamba
  3276 | D        | Killed a water moccasin
  3342 | D        | Killed a four-headed hydra
  3361 | D        | Noticed a naga
  3361 | D        | Noticed a naga
  3362 | D        | Noticed a naga warrior
  3362 | D        | Noticed a greater naga
  3362 | D        | Found Bicaggoh's Jewellery Boutique.
  3362 | D        | Found Potez's Food Emporium.
  3372 | D        | Killed a naga
  3374 | D        | Killed a greater naga
  3378 | D        | Killed a naga
  3381 | D        | Killed a naga warrior
  3391 | D        | Found Zyhiraogh's Antique Armour Shop.
  3400 | D        | Noticed a guardian serpent
  3402 | D        | Killed a guardian serpent
  3405 | D        | Got a serpentine rune of Zot
  3571 | D        | Noticed an azure jelly
  3571 | D        | Noticed an azure jelly
  3572 | D        | Noticed an elephant
  3572 | D        | Noticed an elephant
  3572 | D        | Noticed a dire elephant
  3572 | D        | Noticed a dire elephant
  3572 | D        | Noticed Gastronok
  3574 | D        | Killed Gastronok
  3574 | D        | Reached skill level 21 in Stealth
  3575 | D        | Killed a dire elephant
  3578 | D        | Killed a dire elephant
  3578 | D        | Reached XP level 13. HP: 55/55 MP: 33/35
  3581 | D        | Killed an elephant
  3581 | D        | Reached skill level 10 in Invocations
  3583 | D        | Killed an elephant
  3675 | D        | Noticed Dowan
  3675 | D        | Noticed Duvessa
  3677 | D        | Killed Dowan
  3685 | D        | Killed Duvessa
  3779 | D        | Noticed an orc wizard
  3780 | D        | Noticed an orc priest
  3780 | D        | Noticed an orc priest
  3781 | D        | Noticed an orc priest
  3781 | D        | Noticed an orc wizard
  3781 | D        | Noticed an orc priest
  3781 | D        | Noticed an orc wizard
  3781 | D        | Noticed an orc priest
  3781 | D        | Noticed an orc priest
  3781 | D        | Found Xeysiush's Book Shop.
  3782 | D        | Killed an orc priest
  3785 | D        | Killed an orc priest
  3787 | D        | Killed an orc wizard
  3788 | D        | Killed an orc priest
  3793 | D        | Killed an orc priest
  3794 | D        | Killed an orc priest
  3795 | D        | Killed an orc priest
  3798 | D        | Killed an orc wizard
  3801 | D        | Killed an orc wizard
  3925 | D        | Bought a book of Clouds for 450 gold pieces
  3929 | D        | Learned a level 3 spell: Mephitic Cloud
  3936 | D        | Learned a level 6 spell: Freezing Cloud
  3943 | D        | Learned a level 6 spell: Poisonous Cloud
  3958 | D        | Noticed a deep elf summoner
  3958 | D        | Noticed a deep elf priest
  3958 | D        | Noticed a deep elf priest
  3958 | D        | Noticed a deep elf knight
  3958 | D        | Noticed a deep elf conjurer
  3969 | D        | Killed a deep elf priest
  3974 | D        | Killed a deep elf conjurer
  3974 | D        | Killed a deep elf knight
  3974 | D        | Reached skill level 1 in Air Magic
  3974 | D        | Reached skill level 1 in Poison Magic
  3981 | D        | Killed a deep elf priest
  3982 | D        | Killed a deep elf summoner
  3995 | D        | Noticed a deep elf demonologist
  3999 | D        | Noticed a deep elf demonologist
  3999 | D        | Noticed a deep elf conjurer
  4059 | D        | Noticed a deep elf conjurer
  4061 | D        | Noticed a deep elf high priest
  4062 | D        | Killed a deep elf conjurer
  4063 | D        | Killed a deep elf demonologist
  4063 | D        | Reached skill level 22 in Stealth
  4064 | D        | Killed a deep elf high priest
  4142 | D        | Noticed a deep elf high priest
  4144 | D        | Killed a deep elf conjurer
  4146 | D        | Killed a deep elf demonologist
  4289 | D        | Noticed a deep elf blademaster
  4334 | D        | Killed a deep elf high priest
  5022 | D        | Bought an Akashic Record for 1104 gold pieces
  5030 | D        | Learned a level 7 spell: Controlled Blink
  5038 | D        | Learned a level 7 spell: Malign Gateway
  5071 | D        | Noticed an orc high priest
  5071 | D        | Noticed an orc priest
  5072 | D        | Noticed an orc high priest
  5072 | D        | Noticed an orc priest
  5073 | D        | Killed an orc high priest
  5074 | D        | Killed an orc priest
  5076 | D        | Killed an orc priest
  5077 | D        | Killed an orc high priest
  5101 | D        | Noticed an orange crystal statue
  5105 | D        | Noticed a spriggan defender
  5106 | D        | Noticed a spriggan defender
  5106 | D        | Noticed a spriggan defender
  5106 | D        | Noticed a spriggan defender
  5107 | D        | Killed a spriggan defender
  5107 | D        | Reached skill level 1 in Translocations
  5108 | D        | Killed a spriggan defender
  5110 | D        | Killed a spriggan defender
  5111 | D        | Killed a spriggan defender
  5111 | D        | Reached skill level 1 in Summonings
  5237 | D        | Noticed a white ugly thing
  5238 | D        | Noticed a shock serpent
  5239 | D        | Killed a white ugly thing
  5242 | D        | Killed a shock serpent
  5269 | D        | Noticed an ice dragon
  5272 | D        | Killed an ice dragon
  5276 | D        | Got a heavily runed tin ring
  5277 | D        | Lost strength.
  5277 | D        | Identified the ring of Kikubaaqudgha's Hatred {rC++ Str-4 Int-5 Dex+4 SInv} (You found it in the Dungeon)
  5414 | D        | Noticed a slime creature
  5416 | D        | Killed a slime creature
  5426 | D        | Learned a level 8 spell: Disjunction
  5438 | D        | Noticed a centaur warrior
  5438 | D        | Noticed a deep troll
  5440 | D        | Killed a deep troll
  5442 | D        | Killed a yaktaur
  5443 | D        | Killed a centaur warrior
  5452 | D        | Noticed a fire dragon
  5456 | D        | Killed a fire dragon
  5456 | D        | Reached skill level 10 in Ice Magic
  5497 | D        | Noticed a battleaxe of flaming
  5497 | D        | Noticed a halberd of distortion
  5498 | D        | Noticed a scimitar of holy wrath
  5499 | D        | Noticed a long sword of freezing
  5500 | D        | Killed a scimitar of holy wrath
  5502 | D        | Killed a long sword of freezing
  5504 | D        | Killed a halberd of distortion
  5520 | D        | Killed a battleaxe of flaming
  5659 | D        | Killed an orange crystal statue
  5659 | D        | Reached skill level 23 in Stealth
  5671 | D        | Found Etodalaf's Jewellery Emporium.
  5671 | D        | Found Yrissewk's Antique Armour Shop.
  5671 | D        | Found Onwof's Food Boutique.
  5671 | D        | Found Miytyr's Magic Scroll Shoppe.
  5671 | D        | Found Tokup's Assorted Antiques.
  5671 | D        | Found Gochesuics's Antique Weapon Emporium.
  5671 | D        | Found Fompum's Book Shoppe.
  5671 | D        | Found Voddifra's Distillery.
  5671 | D        | Found Dydgh's Gadget Shop.
  5671 | D        | Found Ojuvut's Antique Armour Emporium.
  5671 | D        | Found Niwoq's Weapon Emporium.
  5671 | D        | Found Nodidon's Gadget Boutique.
  5722 | D        | Bought a potion of experience for 500 gold pieces
  5722 | D        | Reached skill level 5 in Translocations
  5722 | D        | Reached XP level 14. HP: 59/59 MP: 24/38
  5728 | D        | Bought a scroll of identify for 22 gold pieces
  5728 | D        | Bought a scroll of identify for 22 gold pieces
  5728 | D        | Bought 3 scrolls of identify for 66 gold pieces
  5854 | D        | Noticed a slime creature
  5854 | D        | Noticed a water nymph
  5857 | D        | Killed a water nymph
  5860 | D        | Killed a slime creature
  5881 | D        | Noticed a yaktaur captain
  5892 | D        | Killed a yaktaur captain
  6017 | D        | Noticed Chuck
  6271 | D        | Noticed a red ugly thing
  6277 | D        | Killed a red ugly thing
  6402 | D        | Killed Chuck
  6402 | D        | Reached skill level 5 in Poison Magic
  6402 | D        | Reached XP level 15. HP: 63/63 MP: 15/39
  6594 | D        | Learned a level 2 spell: Shroud of Golubria
  6607 | D        | Noticed Norris
  6609 | D        | Killed Norris
  6620 | D        | Noticed a green ugly thing
  6622 | D        | Killed a green ugly thing
  6629 | D        | Noticed a green ugly thing
  6631 | D        | Killed a green ugly thing
  6631 | D        | Reached skill level 5 in Air Magic
  6649 | D        | Noticed a lich
  6651 | D        | Killed a lich
  6670 | D        | Noticed a white ugly thing
  6673 | D        | Noticed a shadow dragon
  6673 | D        | Noticed a shadow dragon
  6674 | D        | Killed a white ugly thing
  6675 | D        | Noticed an ogre mage
  6677 | D        | Killed a shadow dragon
  6677 | D        | Reached skill level 15 in Hexes
  6679 | D        | Killed a shadow dragon
  6679 | D        | Reached skill level 24 in Stealth
  6680 | D        | Killed an ogre mage
  6793 | D        | Noticed an obsidian statue
  6804 | D        | Killed an obsidian statue
  7214 | D        | Noticed a skeletal warrior
  7215 | D        | Noticed an iron golem
  7216 | D        | Killed a skeletal warrior
  7216 | D        | Reached skill level 5 in Charms
  7217 | D        | Killed an iron golem
  7234 | D        | Noticed a necromancer
  7237 | D        | Killed a necromancer
  7249 | D        | Noticed a hell knight
  7249 | D        | Noticed a hell knight
  7250 | D        | Noticed a hell knight
  7250 | D        | Noticed a hell knight
  7251 | D        | Killed a hell knight
  7257 | D        | Killed a hell knight
  7258 | D        | Killed a hell knight
  7259 | D        | Killed a hell knight
  7446 | D        | Learned a level 3 spell: Regeneration
  7448 | D        | Noticed a lich
  7450 | D        | Killed a lich
  7450 | D        | Reached skill level 5 in Summonings
  7450 | D        | Reached skill level 1 in Necromancy
  7461 | D        | Noticed a guardian mummy
  7461 | D        | Noticed a guardian mummy
  7469 | D        | Noticed a guardian mummy
  7469 | D        | Noticed a sphinx
  7469 | D        | Noticed a sphinx
  7469 | D        | Noticed a mummy priest
  7469 | D        | Noticed a guardian mummy
  7470 | D        | Killed a guardian mummy
  7472 | D        | Killed a sphinx
  7473 | D        | Killed a mummy priest
  7474 | D        | Killed a sphinx
  7477 | D        | Killed a guardian mummy
  7478 | D        | Killed a guardian mummy
  7517 | D        | Killed a guardian mummy
  7662 | D        | Noticed a mummy priest
  7663 | D        | Noticed a guardian mummy
  7664 | D        | Killed a mummy priest
  7664 | D        | Reached skill level 10 in Conjurations
  7916 | D        | Noticed a mummy priest
  7917 | D        | Killed a guardian mummy
  7918 | D        | Noticed a guardian mummy
  7919 | D        | Killed a mummy priest
  7920 | D        | Noticed a guardian mummy
  7920 | D        | Noticed a guardian mummy
  7921 | D        | Killed a guardian mummy
  8049 | D        | Noticed a guardian mummy
  8051 | D        | Killed a guardian mummy
  8061 | D        | Killed a guardian mummy
  8122 | D        | Killed a guardian mummy
  8275 | D        | Noticed a guardian mummy
  8276 | D        | Noticed a guardian mummy
  8277 | D        | Killed a guardian mummy
  8278 | D        | Killed a guardian mummy
  8278 | D        | Reached skill level 25 in Stealth
  8833 | D        | Noticed a yaktaur captain
  8844 | D        | Killed a yaktaur captain
  9169 | D        | Noticed a yaktaur captain
  9169 | D        | Noticed a yaktaur captain
  9179 | D        | Killed a yaktaur captain
  9386 | D        | Learned a level 1 spell: Apportation
  9394 | D        | Got a slimy scimitar
  9407 | D        | Got a shimmering broad axe
  9429 | D        | Identified the +4 scimitar "Zidwir" {flame, rC+ SInv} (You took it off a deep elf conjurer in the Dungeon)
  9430 | D        | Identified the +8 broad axe of Welfare {chop, rC+ Int+3 SInv} (You took it off a deep elf high priest in the Dungeon)
  9523 | D        | Gained mutation: You are frail (-10% HP). [mutagenic glow]
  9572 | D        | Gained mutation: Your body sometimes deteriorates upon taking damage. [mutagenic glow]
  9622 | D        | Gained mutation: You are weak. (Str -2) [mutagenic glow]
  9695 | D        | Lost mutation: You are weak. (Str -2) [potion of cure mutation]
  9695 | D        | Lost mutation: You are frail (-10% HP). [potion of cure mutation]
  9695 | D        | Lost mutation: Your body sometimes deteriorates upon taking damage. [potion of cure mutation]
  9695 | D        | Lost mutation: You are partially covered in molten scales (AC +1). [potion of cure mutation]
 10065 | D        | HP: 3/63 [deep elf blademaster (12)]
 10066 | D        | Mangled by a deep elf blademaster

Vault maps used:
D:        dungeon_sprint_mu

Action                   |  1- 3 |  4- 6 |  7- 9 | 10-12 | 13-15 || total
-------------------------+-------+-------+-------+-------+-------++-------
Melee: Dagger            |    15 |    26 |    66 |    64 |    83 ||   254
Throw: Throwing net      |       |       |       |       |     1 ||     1
 Cast: Ensorcelled Hiber |     3 |       |    39 |    15 |     6 ||    63
       Dazzling Spray    |       |    14 |     8 |    21 |    73 ||   116
       Confuse           |       |       |     3 |       |     7 ||    10
       Tukima's Dance    |       |       |     6 |     3 |     2 ||    11
       Freezing Cloud    |       |       |       |       |    21 ||    21
       Mephitic Cloud    |       |       |       |       |     2 ||     2
       Apportation       |       |       |       |       |     9 ||     9
       Controlled Blink  |       |       |       |       |     5 ||     5
Invok: Shadow Step       |       |       |     2 |    12 |    21 ||    35
  Use: Potion            |       |     6 |     1 |       |     6 ||    13
       Scroll            |       |     2 |       |       |     8 ||    10
 Stab: Sleeping          |     5 |     4 |    34 |    53 |    53 ||   149
       Confused          |       |       |     2 |       |     4 ||     6
       Invisible         |       |       |     3 |     3 |     1 ||     7
       Held in net/web   |       |       |       |       |     1 ||     1
  Eat: Bread ration      |       |       |     1 |       |     2 ||     3
